AoeStats
← Malcolm Little

African Clearing

506749440Analyzed
3v3 RM · 18d ago on Sep 15, 2026· 51m 35s· 6 players
Game mode
Random Map
Map size
Normal (6 player)
Population
200
Speed
Normal
Resources
Standard
Victory
Conquest
Starting age
Dark Age
Ending age
Imperial Age
RankedLock teamsTeams togetherTeam positionsShared explorationLock speedFull tech treeHidden civsTurbo modeCheats
Victory
Defeat
🇨🇱 Mongols · Chile
1435
+13
🇲🇽 Maya · Mexico
1408
+14
🇩🇴 Vietnamese · Dominican Republic
1398
+15
🇨🇴 Hindustanis · Colombia
1396
-15
🇨🇴 Mongols · Colombia
1390
-15
🇦🇷 Spanish · Argentina
1318
-12
yinyangwar
9:03 Loom
11:12 Feudal Age
12:17 Double-Bit Axe
19:00 Castle Age
17:58 Fletching
18:48 Gold Mining
20:02 Bow Saw
24:26 Bodkin Arrow
27:04 Padded Archer Armor
33:31 Wheelbarrow
32:38 Horse Collar
35:09 Scale Mail Armor
34:30 Pikeman
37:52 Town Watch
39:38 Heavy Plow
40:42 Stone Mining
41:30 Thumb Ring
43:01 Hand Cart
47:47 Imperial Age
46:09 Gold Shaft Mining
46:08 Thumb Ring
47:00 Husbandry
47:10 Bloodlines
46:44 Light Cavalry
47:58 Leather Archer Armor
47:48 Scale Barding Armor
47:54 Forging
48:52 Conscription
48:34 Bracer
49:20 Ballistics
49:46 Parthian Tactics
49:13 Hussar
51:20 Chemistry
51:06 Iron Casting
50:52 Chain Barding Armor
Malcolm Little
13:40 Feudal Age
18:32 Castle Age
17:04 Double-Bit Axe
17:46 Fletching
18:09 Padded Archer Armor
18:39 Horse Collar
19:32 Bodkin Arrow
19:48 Bow Saw
23:26 Loom
24:47 Wheelbarrow
26:13 Town Watch
26:57 Ballistics
32:13 Leather Archer Armor
32:01 Horse Collar
35:44 Hand Cart
38:14 Heavy Plow
41:23 Imperial Age
38:53 Gold Mining
41:28 Chatras
43:11 Two-Man Saw
42:35 Paper Money
43:01 Bracer
43:32 Ring Archer Armor
42:50 Pikeman
43:42 Forging
43:32 Scale Mail Armor
43:40 Arson
43:56 Squires
44:03 Elite Rattan Archer
45:02 Capped Ram
45:53 Halberdier
49:14 Elite Fire Lancer
NaaVyii_
4:59 Loom
13:22 Feudal Age
17:27 Castle Age
15:29 Double-Bit Axe
15:57 Stone Mining
18:47 Bow Saw
23:26 Fletching
36:23 Imperial Age
34:14 Gold Mining
35:25 Wheelbarrow
35:03 Bodkin Arrow
35:25 Padded Archer Armor
35:09 Horse Collar
36:51 Leather Archer Armor
37:06 Bracer
40:04 Chemistry
39:26 Ballistics
40:25 Two-Man Saw
40:11 Conscription
39:14 Capped Ram
41:00 Leather Archer Armor
41:38 Heavy Plow
42:39 Hand Cart
42:39 Pikeman
43:20 Squires
43:21 Scale Mail Armor
43:32 Forging
43:53 Ring Archer Armor
46:04 Chain Mail Armor
46:25 Iron Casting
49:19 Thumb Ring
50:23 Iron Casting
51:26 Arson
52:19 Plate Mail Armor
Miller
10:57 Loom
13:08 Feudal Age
16:43 Castle Age
16:18 Double-Bit Axe
17:46 Bow Saw
19:35 Horse Collar
21:47 Gold Mining
22:06 Heavy Plow
23:43 Scale Barding Armor
25:17 Gold Shaft Mining
24:42 Town Watch
26:31 Bloodlines
27:08 Chain Barding Armor
29:03 Husbandry
30:23 Forging
32:17 Iron Casting
38:48 Imperial Age
36:38 Stone Mining
37:26 Wheelbarrow
39:09 Stone Shaft Mining
38:20 Light Cavalry
40:10 Plate Barding Armor
38:57 Heavy Camel Rider
40:49 Blast Furnace
40:52 Chemistry
39:17 Hussar
40:45 Conscription
41:11 Grand Trunk Road
41:25 Fletching
41:57 Ballistics
41:48 Masonry
Harias
4:03 Loom
13:23 Feudal Age
18:39 Castle Age
18:02 Scale Barding Armor
20:32 Double-Bit Axe
39:48 Wheelbarrow
40:27 Bow Saw
39:58 Horse Collar
42:28 Hand Cart
42:18 Heavy Plow
49:39 Imperial Age
49:24 Fletching
49:34 Padded Archer Armor
48:56 Elite Skirmisher
49:43 Thumb Ring
50:20 Bodkin Arrow
51:47 Ballistics
52:27 Chemistry
sION_Co
4:07 Loom
11:20 Feudal Age
13:35 Double-Bit Axe
23:02 Castle Age
21:34 Fletching
22:57 Bloodlines
23:13 Padded Archer Armor
24:01 Bow Saw
25:09 Bodkin Arrow
33:35 Elite Skirmisher
42:37 Wheelbarrow
43:24 Horse Collar
43:48 Stone Mining
46:32 Hand Cart
48:18 Gold Mining
51:57 Imperial Age
50:26 Leather Archer Armor
51:05 Thumb Ring
Connection lost

Rejoining the realm…

Still unreachable

The connection could not be restored.

Session expired

The server has moved on; the page needs a fresh start.